 Dungeon Crawl Stone Soup version 0.31-a0-325-g067879e3d3 (webtiles) character file.

Game seed: 5890477921240742235

766 HallandMoats the Trooper (level 7, -5/56 HPs)
             Began as a Demonspawn Brigand on July 19, 2023.
             Slain by a troll (12 damage)
             ... on level 6 of the Dungeon.
             The game lasted 00:05:42 (3815 turns).

HallandMoats the Trooper (Demonspawn Brigand)       Turns: 3815, Time: 00:05:43

Health: -5/56      AC: 10    Str: 13    XL:     7   Next: 52%
Magic:  7/7        EV:  8    Int: 12    God:
Gold:   210        SH:  4    Dex: 15    Spells: 6/6 levels left

rFire   . . .        a - +0 dagger (venom)
rCold   . . .        (no shield)
rNeg    . . .        u - +0 chain mail
rPois   .            (no helmet)
rElec   .            c - +0 cloak
rCorr   .            (no gloves)
SInv    .            (no boots)
Will    .....        (no amulet) Stlth
                     (no ring)
HPRegen 0.29/turn    (no ring)
MPRegen 0.10/turn

%: no passive effects
@: no status effects
A: hooves 2, large bone plates 1, demonic guardian 1
a: no special abilities


You were on level 6 of the Dungeon.
You visited 1 branch of the dungeon, and saw 6 of its levels.

You collected 210 gold pieces.

Inventory:

Hand Weapons
 a - a +0 dagger of venom (weapon)
Missiles
 b - a throwing net
 d - 15 poisoned darts (quivered)
 e - 3 curare-tipped darts
Armour
 c - a +0 cloak (worn)
 u - a +0 chain mail (worn)
Jewellery
 t - a ring of wizardry
Scrolls
 h - 2 scrolls of fog {unknown}
 k - a scroll of enchant armour {unknown}
 l - a scroll of immolation {unknown}
 m - 2 scrolls of amnesia {unknown}
 n - a scroll of enchant weapon {unknown}
 o - 2 scrolls of teleportation {unknown}
 r - a scroll of noise {unknown}
 s - a scroll of poison {unknown}
Potions
 f - 2 potions of brilliance
 i - a potion of magic {unknown}
 p - a potion of curing {unknown}
 q - 2 potions of degeneration {unknown}
 v - a potion of mutation {unknown}


   Skills:
 + Level 5.2 Fighting
 - Level 1.7 Short Blades
 - Level 1.7 Throwing
 + Level 4.2 Armour
 + Level 4.3 Dodging
 - Level 3.6 Stealth


You had 6 spell levels left.
You didn't know any spells.
Your spell library was empty.

Dungeon Overview and Level Annotations

Branches:
Dungeon (6/15)
 Temple: D:4-7

Altars:
Nemelex Xobeh


Innate Abilities, Weirdness & Mutations

You have hoof-like feet.
You are partially covered in large bone plates. (SH +4)
A weak demonic guardian rushes to your aid.


Message History

Your quasit bites the troll but does no damage.
Your quasit closely misses the troll.
Your quasit claws the troll but does no damage.
You closely miss the troll.
The troll is lightly wounded.
Your quasit bites the troll but does no damage.
Your quasit claws the troll. x2; The troll completely misses you.
The troll closely misses you. The troll barely misses you.
You barely miss the troll.
The troll is lightly wounded.
Your quasit closely misses the troll.
Your quasit barely misses the troll.
Your quasit claws the troll but does no damage.
You block the troll's attack. The troll claws you. x2
You hit the troll but do no damage.
The troll is poisoned.
Your kick misses the troll.
The troll is lightly wounded.
Your quasit barely misses the troll. x2
Your quasit claws the troll but does no damage.
The troll bites you. The troll claws you. x2
Your quasit bites the troll but does no damage.
Your quasit closely misses the troll. x2
You closely miss the troll. You kick the troll.
The troll is moderately wounded.
Your quasit bites the troll.
Your quasit closely misses the troll.
Your quasit claws the troll but does no damage.
The troll bites you. You block the troll's attack. The troll claws you.
* * * LOW HITPOINT WARNING * * *
Unknown command.
Your quasit bites the troll.
Your quasit claws the troll but does no damage.
Your quasit claws the troll.
Your quasit closely misses the troll.
Your quasit claws the troll but does no damage. x2
The troll attacks as you move away! The troll bites you.
* * * LOW HITPOINT WARNING * * *
The troll claws you!
* * * LOW HITPOINT WARNING * * *
The troll claws you but does no damage. The troll attacks as you move away!
The troll bites you!
You die...

#.# ##.##
#...###
#.....###
#........#
#5###.##.#
#.# .# #
#T# # #@#
#.#
#.######.
#<.......
#########


You could see a troll (poisoned, ally target) and a friendly quasit (summoned).

Vanquished Creatures
  A black bear (D:5)
  An ogre (D:5)
  A centaur (D:5)
  A scorpion (D:5)
  4 hounds
  A jelly (D:5)
  A sleepcap (D:4)
  Jessica (D:2)
  2 iguanas (D:5)
  3 gnolls (D:5)
  5 adders
  2 ufetubi
  3 dart slugs
  2 orcs (D:5)
  10 ball pythons
  8 endoplasms
  5 giant cockroaches
  9 goblins
  7 hobgoblins
  7 jackals (D:2)
  14 kobolds
  5 quokkas
  7 bats
  7 frilled lizards
  6 rats
113 creatures vanquished.

Notes
Turn   | Place    | Note
-------+----------+-------------------------------------------
     0 | D:1      | HallandMoats the Demonspawn Brigand began the quest for the
                  | Orb.
     0 | D:1      | Reached XP level 1. HP: 16/16 MP: 1/1
   102 | D:1      | Reached skill level 1 in Dodging
   138 | D:1      | Gained mutation: You have large cloven feet. [demonic
                  | ancestry]
   138 | D:1      | Reached XP level 2. HP: 17/22 MP: 2/2
   279 | D:1      | Reached skill level 1 in Armour
   412 | D:1      | Reached XP level 3. HP: 24/28 MP: 3/3
  1082 | D:2      | Reached skill level 3 in Fighting
  1175 | D:2      | Gained mutation: You have hoof-like feet. [demonic
                  | ancestry]
  1175 | D:2      | Reached XP level 4. HP: 35/35 MP: 4/4
  1427 | D:2      | Noticed Jessica
  1436 | D:2      | Killed Jessica
  2157 | D:4      | Gained mutation: A weak demonic guardian rushes to your
                  | aid. [demonic ancestry]
  2157 | D:4      | Reached XP level 5. HP: 40/41 MP: 5/5
  2386 | D:4      | Found a sparkling altar of Nemelex Xobeh.
  2785 | D:5      | Entered Level 5 of the Dungeon
  2818 | D:5      | Reached skill level 4 in Fighting
  2830 | D:5      | Reached XP level 6. HP: 47/48 MP: 6/6
  3014 | D:5      | Gained mutation: You are partially covered in large bone
                  | plates. (SH +4) [demonic ancestry]
  3014 | D:5      | Reached XP level 7. HP: 24/55 MP: 7/7
  3152 | D:5      | Identified the +1 leather armour of the Dungeon {Will-
                  | Str+4}
  3572 | D:5      | Reached skill level 5 in Fighting
  3792 | D:6      | Noticed a troll
  3815 | D:6      | Slain by a troll

Illustrated notes

Levels and vault maps discovered:
D:1:      minmay_arrival_four_loops, layout_basic, minmay_hexomino_c4
D:2:      layout_loops_ring, moated_statue, uniq_jessica
D:3:      layout_basic, lexackson_kobold_supper
D:4:      layout_rooms, nemelex_diamond_rough_becter,
          nicolae_tso_carved_into_rock
D:5:      layout_gridville
D:6:      layout_loops_corners, minitemple, minmay_temple_entry_enclosed_plants,
          portal_sewer_entry_c, serial_bayou_pond_c

Skill      XL: |  1  2  3  4  5  6  7 |
---------------+----------------------+-----
Dodging        | 1 2 3 4 |  4.3
Armour         | 1 2 3 4 |  4.2
Fighting       | 3 4 5 |  5.2
Short Blades   | |  1.7
Throwing       | |  1.7
Stealth        | |  3.6

Action                     |  1- 3 |  4- 6 |  7- 9 || total
---------------------------+-------+-------+-------++-------
  Melee: Dagger            |   132 |   153 |    59 ||   344
         Kick              |    20 |    47 |    28 ||    95
         Punch             |       |     1 |     1 ||     2
    Use: Scroll            |       |       |     2 ||     2
   Stab: Sleeping          |     4 |    10 |       ||    14
 Armour: Robe              |    38 |    26 |       ||    64
         Chain mail        |       |       |    27 ||    27
  Dodge: Dodged            |    97 |    98 |    30 ||   225
  Block: Other             |       |       |    10 ||    10

Table legend: (Time is in decaauts)
 A = Elapsed time spent in this place.
 B = Non-inter-level travel time spent in this place.
 C = Inter-level travel time spent in this place.
 D = Time resting spent in this place.
 E = Time spent auto-exploring this place.
 F = Levels seen in this place.
 G = Mean time per level.
                   A        B        C        D        E       F      G
               +--------+--------+--------+--------+--------+-----+--------+
         Total |   3783 |   3714 |     69 |    185 |   2526 |   6 |  630.5 |
       Dungeon |   3783 |   3714 |     69 |    185 |   2526 |   6 |  630.5 |
               +--------+--------+--------+--------+--------+-----+--------+

Top non-repeatable levels by time:
     D:5: 986 daAuts
     D:1: 878 daAuts
     D:4: 674 daAuts
     D:2: 640 daAuts
     D:3: 568 daAuts
     D:6: 35 daAuts
